 Dungeon Crawl Stone Soup version 0.29-a0-43-g62a80824bf (webtiles) character file.

Game seed: 7625632318472437571

65 grumblor the Skirmisher (level 4, -1/24 HPs)
             Began as a Vine Stalker Fighter on Feb 3, 2022.
             Succumbed to an orc priest's poison
             ... on level 3 of the Dungeon.
             The game lasted 00:01:49 (2393 turns).

grumblor the Skirmisher (Vine Stalker Fighter)      Turns: 2393, Time: 00:01:50

Health: -1/24      AC:  8    Str: 19 (20) XL:     4   Next: 14%
Magic:  1/5        EV:  7    Int:  6 (8)  God:
Gold:   85         SH:  4    Dex: 12 (14) Spells: 3/3 levels left

rFire   . . .      SeeInvis .   k - +3 broad axe
rCold   . . .      Faith    .   c - +0 buckler
rNeg    . . .      Spirit   +   f - +0 chain mail
rPois   .          Reflect  .   (no helmet)
rElec   .          Harm     .   (no cloak)
rCorr   .          Rampage  .   (no gloves)
Will    .....                   (no boots)
Stlth   ..........              (no amulet)
HPRegen 0.88/turn               (no ring)
MPRegen 0.09/turn               (no ring)

@: lethally poisoned (-1 -> -8)
A: fangs 2, regeneration 1, magic shield, antimagic bite, no potion heal 2
a: no special abilities


You were on level 3 of the Dungeon.
You visited 1 branch of the dungeon, and saw 3 of its levels.

You collected 85 gold pieces.

Inventory:

Hand Weapons
 a - a +1 war axe
 k - a +3 broad axe (weapon)
Armour
 c - a +0 buckler (worn)
 f - a +0 chain mail (worn)
Scrolls
 h - a scroll of enchant weapon
Potions
 d - a potion of might
 e - a potion of curing
 i - a potion of lignification {unknown}
 o - a potion of resistance {unknown}


   Skills:
 * Level 3.2 Fighting
 + Level 2.6 Axes
 + Level 2.6 Armour
 * Level 1.0 Dodging
 + Level 2.8 Shields


You had 3 spell levels left.
You didn't know any spells.
Your spell library contained the following spells:

 Spells                   Type           Power      Damage    Failure   Level
 Ozocubu's Armour         Ice            0%         N/A       100%        3
 Metabolic Englaciation   Hex/Ice        0%         N/A       100%        5
 Simulacrum               Ice/Necr       0%         N/A       100%        6


Dungeon Overview and Level Annotations

Branches:
Dungeon (3/15)

Altars:
Ru


Innate Abilities, Weirdness & Mutations

You have extremely sharp teeth.
Your natural rate of healing is unusually fast.
When hurt, damage is shared between your health and your magic reserves.
Your bite disrupts and absorbs the magic of your enemies.
Potions cannot restore your health.


Message History

A gnoll comes into view. It is wielding a +0 flail.
You block the orc priest's attack.
You hit the adder but do no damage.
You feel sick. The adder closely misses you.
The adder bites you but does no damage.
The orc priest hits you but does no damage.
You feel sick.
You see here a ball python corpse.
You feel sick. You block the adder's attack.
You feel sick.
You are no longer poisoned.
The adder bites you.
You are poisoned.
The adder poisons you!
You closely miss the adder. You bite the adder. You drain its power.
The adder is heavily wounded.
You feel sick. The adder bites you.
The orc priest hits you but does no damage.
You are lethally poisoned!
The adder bites you.
You are more poisoned.
The adder poisons you!
You slash the adder!
You kill the adder!
* * * LOW HITPOINT WARNING * * *
You feel very sick.
The orc priest hits you from afar with a +2 trident of venom.
Your Dodging skill increases to level 1!
You have reached level 4!
You feel agile.
You begin to heal more quickly.
Okay, then.
It was a potion of curing.
Your system rejects the healing.
You feel better.
The orc priest hits you from afar with a +2 trident of venom.
* * * LOW HITPOINT WARNING * * *
You are lethally poisoned!
Unknown command.
It was a potion of degeneration.
There was something very wrong with that liquid.
You feel weakened.
You feel dopey.
You feel clumsy.
You die...

....# ##... .o. ### #.#
#.# ###o#.# #.# #.o...#
#.# #.###.#
#.############o# ...
#...........@..# ###
#####.########.....# #.
#. #.# ####### #.##.
#.############ #.##.
#............# #.##.
#.##########.# #.##. #.#
##.## #.##.
#.#########...##### #.##.
#.................###....


You could see an orc priest.

Vanquished Creatures
  3 adders
  A worm (D:2)
  5 ball pythons
  4 endoplasms
  A giant cockroach (D:1)
  4 hobgoblins
  3 kobolds
  2 quokkas
  2 bats
  3 frilled lizards
  2 goblins (D:1)
  5 rats
35 creatures vanquished.

Vanquished Creatures (others)
  A plant (D:2)
1 creature vanquished.

Grand Total: 36 creatures vanquished

Notes
Turn   | Place    | Note
-------+----------+-------------------------------------------
     0 | D:1      | grumblor the Vine Stalker Fighter began the quest for the
                  | Orb.
     0 | D:1      | Reached XP level 1. HP: 11/11 MP: 2/2
   172 | D:1      | Found a faded altar of an unknown god.
   250 | D:1      | Reached XP level 2. HP: 16/16 MP: 3/3
   529 | D:1      | Reached skill level 3 in Fighting
  1329 | D:2      | Reached XP level 3. HP: 18/20 MP: 4/4
  1841 | D:3      | Found a sacrificial altar of Ru.
  2391 | D:3      | HP: 1/20 [poisoned by an adder]
  2392 | D:3      | Reached skill level 1 in Dodging
  2392 | D:3      | Gained mutation: Your natural rate of healing is unusually
                  | fast. [Vine Stalker growth]
  2392 | D:3      | Reached XP level 4. HP: 1/24 MP: 2/5
  2393 | D:3      | Succumbed to an orc priest's poison

Illustrated notes

Levels and vault maps discovered:
D:1:      matt_arrival_diagonals, layout_loops_ring,
          hellmonk_ecumenical_altar_heavens_door
D:2:      layout_loops_ring, dk_vineyard_1, serial_bayou_pond_e
D:3:      lemuel_castle_with_subvaults [lemuel_castle_interior_original],
          layout_loops_ring, pdpol_wu_jian_five_deadly_venoms,
          overflow_temple_1_default

Skill      XL: |  1  2  3 |
---------------+----------+-----
Fighting       | 3 |  3.2
Axes           | 2 |  2.6
Dodging        | 1 |  1.0
Armour         | |  2.6
Shields        | |  2.8

Action                   |  1- 3 |  4- 6 || total
-------------------------+-------+-------++-------
Melee: War axe           |    47 |       ||    47
       Bite              |    11 |       ||    11
       Broad axe         |    36 |       ||    36
  Use: Scroll            |     7 |       ||     7
       Potion            |       |     2 ||     2
Armor: Scale mail        |     7 |       ||     7
       Chain mail        |    32 |       ||    32
Dodge: Dodged            |    32 |       ||    32
Block: Buckler           |    17 |       ||    17

Table legend: (Time is in decaauts)
 A = Elapsed time spent in this place.
 B = Non-inter-level travel time spent in this place.
 C = Inter-level travel time spent in this place.
 D = Time resting spent in this place.
 E = Time spent auto-exploring this place.
 F = Levels seen in this place.
 G = Mean time per level.
                   A        B        C        D        E       F      G
               +--------+--------+--------+--------+--------+-----+--------+
         Total |   2434 |   2407 |     27 |      0 |   2111 |   3 |  811.3 |
       Dungeon |   2434 |   2407 |     27 |      0 |   2111 |   3 |  811.3 |
               +--------+--------+--------+--------+--------+-----+--------+

Top non-repeatable levels by time:
     D:1: 1180 daAuts
     D:2: 687 daAuts
     D:3: 566 daAuts
